 Dungeon Crawl Stone Soup version 0.31-a0-236-g9a0961fb85 (webtiles) character file.

Game seed: 14126356846690232705

492 qw the Shooter (level 7, 0/40 HPs)
             Began as a Gargoyle Hexslinger on July 10, 2023.
             Slain by a goblin
             ... wielding a +0 club
             ... led by Robin
              (3 damage)
             ... on level 4 of the Dungeon.
             The game lasted 00:00:59 (2417 turns).

qw the Shooter (Gargoyle Hexslinger)                Turns: 2417, Time: 00:00:59

Health: 0/40       AC: 15    Str: 11    XL:     7   Next: 14%
Magic:  8/8        EV: 10    Int: 14    God:
Gold:   231        SH:  0    Dex: 14    Spells: 7/8 levels left

rFire   . . .        Y - +3 sling (drain)
rCold   . . .        (no shield)
rNeg    + . .        l - +0 ring mail
rPois   inf          e - +1 hat
rElec   +            h - +1 cloak
rCorr   .            (no gloves)
SInv    .            c - +0 pair of boots
Will    .....        (no amulet)
Stlth   +            (no ring)
HPRegen 0.26/turn    (no ring)
MPRegen 0.11/turn

%: no passive effects
@: no status effects
A: sickness immunity, AC +4, negative energy resistance 1, electricity
resistance, torment resistance 1, petrification resistance
a: no special abilities


You were on level 4 of the Dungeon.
You visited 1 branch of the dungeon, and saw 4 of its levels.

You collected 231 gold pieces.


Innate Abilities, Weirdness & Mutations

You are immune to sickness and miasma.
Your stone body is resilient. (AC +4)
You are immune to poison.
You resist negative energy. (rN+)
You are resistant to electric shocks. (rElec)
You are resistant to unholy torment.
You are immune to petrification.


   Skills:
 + Level 2.8 Fighting
 - Level 5.3 Ranged Weapons
 - Level 4.9 Armour
 - Level 1.5 Dodging
 - Level 1.0 Spellcasting
 - Level 2.6 Hexes


You had 7 spell levels left.
You knew the following spells:

 Your Spells              Type           Power      Damage    Failure   Level
a - Slow                  Hex            32%        N/A       19%         1

Your spell library contained the following spells:

 Spells                   Type           Power      Damage    Failure   Level
 Inner Flame              Hex/Fire       4%         N/A       69%         3
 Portal Projectile        Hex/Tloc       8%         N/A       69%         3
 Cause Fear               Hex            4%         N/A       88%         4

Inventory:

Hand Weapons
 Y - a +3 sling of draining (weapon)
Armour
 c - a +0 pair of boots (worn)
 e - a +1 hat (worn)
 h - a +1 cloak (worn)
 l - a +0 ring mail (worn)
Scrolls
 a - a scroll of silence {unknown}
Potions
 b - a potion of magic {unknown}
 d - a potion of invisibility {unknown}
 f - a potion of resistance {unknown}
 i - a potion of haste {unknown}
 j - a potion of berserk rage {unknown}
 k - a potion of might
 m - a potion of heal wounds {unknown}

Dungeon Overview and Level Annotations

Branches:
Dungeon (4/15)
 Temple: D:4-7

Altars:
Dithmenos
Fedhas
The Shining One

Annotations:
D:4 Robin


Message History

The goblin hits you but does no damage.
You shoot a sling bullet.
The sling bullet closely misses the hound.
The sling bullet hits the hound.
You drain the hound.
The hound is moderately wounded.
The hound bites you. The goblin barely misses you.
You shoot a sling bullet. The sling bullet hits the hound.
You kill the hound!
Robin roars a battlecry!
The goblins go into a battle-frenzy!
The goblin hits you but does no damage. The hound closely misses you.
You shoot a sling bullet.
The sling bullet barely misses the hound.
The sling bullet hits the hobgoblin!
You kill the hobgoblin!
The hound barely misses you. The goblin misses you. The hound bites you.
You shoot a sling bullet.
The sling bullet barely misses the hound.
The sling bullet closely misses the goblin.
The goblin barely misses you. The hound barely misses you.
Robin throws the goblin at you! The goblin hits you but does no damage.
The goblin completely misses you.
You shoot a sling bullet.
The sling bullet barely misses the hound.
The sling bullet hits the hobgoblin.
The hobgoblin is lightly wounded.
The hobgoblin no longer looks unusually strong.
The hound bites you but does no damage. x2; The goblin closely misses you.
Robin roars a battlecry!
The hobgoblin goes into a battle-frenzy!
The goblin closely misses you.
You shoot a sling bullet. The sling bullet hits the hound.
The hound is heavily wounded.
The hound bites you but does no damage. x2; The goblin hits you with a +0 club.
The goblin misses you.
You shoot a sling bullet. The sling bullet misses the hound.
The sling bullet hits the hobgoblin.
The hobgoblin is moderately wounded.
The hound bites you but does no damage. The goblin hits you with a +0 club.
You die...

#.......##. .......
##...)..#.. .......
....#...#.. ....... .#
.####...# ....... #.#
#.....# ........ ...#
....#.. #..##.gg###...#
#...... #....ghg)..## #.
#...... ###..####@)...#
#.##......
#.......#.g...###..#......
#.....#.#..#.............#
#..............#...#####
###..####.####.###.#####
#..##.....##..#...#.#.
#..#.......#..........
#..#.......#[.....#.#.
#......_...(..?...###.


You could see a hound (very drained), Robin, 2 hobgoblins and 2 goblins.

Vanquished Creatures
  Grinder (D:3)
  An ogre (D:3)
  A scorpion (D:4)
  A hound (D:4)
  5 adders
  A worm (D:2)
  7 orcs
  3 ball pythons
  7 bats
  4 endoplasms
  2 giant cockroaches
  9 goblins
  8 hobgoblins
  4 jackals (D:2)
  A quokka (D:4)
  3 frilled lizards
  4 kobolds
  9 rats
71 creatures vanquished.

Notes
Turn   | Place    | Note
-------+----------+-------------------------------------------
     0 | D:1      | qw the Gargoyle Hexslinger began the quest for the Orb.
     0 | D:1      | Reached XP level 1. HP: 12/12 MP: 2/2
     0 | D:1      | 0 ||| qw: Version: 0.3-a-52-g30416fa
     0 | D:1      | 0 ||| qw: Game counter: 4652
     0 | D:1      | 0 ||| qw: Melee chars always use a shield: true
     0 | D:1      | 0 ||| qw: God list: Okawaru
     0 | D:1      | 0 ||| qw: Allow faded altars: false
     0 | D:1      | 0 ||| qw: Do Orc after clearing Dungeon:15 true
     0 | D:1      | 0 ||| qw: Do second Lair branch before Depths: true
     0 | D:1      | 0 ||| qw: Lair rune preference: random
     0 | D:1      | 0 ||| qw: Goals: Normal
     0 | D:1      | 0 ||| PLANNING D:1-11
   254 | D:1      | Reached XP level 2. HP: 16/16 MP: 3/3
   592 | D:1      | 592 ||| UPGRADING to +1 hat.
   597 | D:1      | 597 ||| READING scroll labelled BIUBBY GEAPH.
   598 | D:1      | 598 ||| READING scroll labelled BODAUCK UNEXIE.
   599 | D:1      | 599 ||| DROPPING scroll of poison.
   685 | D:2      | Reached skill level 3 in Ranged Weapons
   712 | D:2      | Reached XP level 3. HP: 20/20 MP: 4/4
  1258 | D:2      | 1258 ||| UPGRADING to +0 leather armour.
  1268 | D:2      | 1268 ||| DROPPING +0 robe.
  1269 | D:2      | 1269 ||| UPGRADING to +1 cloak.
  1274 | D:2      | 1274 ||| UPGRADING to +0 ring mail.
  1284 | D:2      | 1284 ||| DROPPING +0 leather armour.
  1285 | D:2      | 1285 ||| READING scroll labelled RURGHA REOQO.
  1286 | D:2      | 1286 ||| READING scroll labelled ALUOMU XOENK.
  1287 | D:2      | 1287 ||| READING scroll labelled IHASKE SAI.
  1288 | D:2      | 1288 ||| DRINKING 2 cyan potions.
  1344 | D:3      | 1344 ||| READING scroll of enchant weapon.
  1344 | D:3      | 1344 ||| ENCHANTING +2 sling of draining.
  1380 | D:3      | Reached XP level 4. HP: 26/26 MP: 5/5
  1428 | D:3      | Noticed Grinder
  1445 | D:3      | Paralysed by Grinder for 3 turns
  1450 | D:3      | Killed Grinder
  1451 | D:3      | Reached XP level 5. HP: 18/30 MP: 6/6
  1451 | D:3      | Reached XP level 6. HP: 21/35 MP: 7/7
  1799 | D:3      | Found a shadowy altar of Dithmenos.
  1872 | D:3      | Reached skill level 4 in Ranged Weapons
  2128 | D:3      | 2128 ||| UPGRADING to +0 pair of boots.
  2133 | D:3      | 2133 ||| READING scroll labelled MUZUF LYMEZA.
  2134 | D:3      | 2134 ||| READING scroll labelled HUUPUM LUFYLE.
  2189 | D:4      | 2189 ||| STAIRDANCE
  2298 | D:4      | Found a glowing golden altar of the Shining One.
  2333 | D:4      | Reached skill level 5 in Ranged Weapons
  2333 | D:4      | Reached XP level 7. HP: 40/40 MP: 8/8
  2355 | D:4      | Found a blossoming altar of Fedhas.
  2385 | D:4      | Noticed Robin
  2400 | D:4      | HP: 8/40 [frozen (5)]
  2411 | D:4      | HP: 5/40 [hound (3)]
  2416 | D:4      | HP: 3/40 [goblin/+0 club[Robin] (1)]
  2417 | D:4      | Slain by a goblin

Levels and vault maps discovered:
D:1:      wander_arrival_chamber, layout_loops_ring
D:2:      layout_loops_cross
D:3:      layout_basic, grunt_dithmenos_smoke, uniq_grinder
D:4:      layout_cave_pools, tso_metal_star, old_standard_altar,
          minmay_misc_feat_pillars, uniq_pikel, uniq_robin

Skill      XL: |  1  2  3  4  5  6 |
---------------+-------------------+-----
Ranged Weapons | 3 5 |  5.3
Fighting       | 2 |  2.8
Armour         | 4 |  4.9
Dodging        | |  1.5
Spellcasting   | |  1.0
Hexes          | |  2.6

Action                     |  1- 3 |  4- 6 |  7- 9 || total
---------------------------+-------+-------+-------++-------
   Fire: Sling             |    96 |    90 |    35 ||   221
    Use: Scroll            |     6 |     2 |       ||     8
         Potion            |     1 |       |       ||     1
 Armour: Robe              |    11 |       |       ||    11
         Ring mail         |       |    42 |    41 ||    83
  Dodge: Dodged            |    43 |    45 |    51 ||   139

Table legend:
 A = Non-vault XP
 B = Vault XP
 C = Vault XP percentage of total XP
 D = Non-vault monster count
 E = Vault monster count
 F = Vault count percentage of total count
                 A         B        C        D         E       F
            +---------+---------+-------+---------+---------+-------
      Total |     403 |     301 |  42.8 |      60 |      11 |  15.5
            +---------+---------+-------+---------+---------+-------
        D:1 |      13 |       0 |   0.0 |       9 |       0 |   0.0
        D:2 |      66 |       0 |   0.0 |      18 |       0 |   0.0
        D:3 |     189 |     281 |  59.8 |      24 |       1 |   4.0
        D:4 |     135 |      20 |  12.9 |       9 |      10 |  52.6
            +---------+---------+-------+---------+---------+-------
